 Dungeon Sprint DCSS version 0.27-a0-1046-g98bf31544f (webtiles) character file.

Game seed: 13410338475488620742

127 mhtbhm the Arsonist (level 4, -1/24 HPs)
             Began as a Deep Elf Fire Elementalist on Apr 19, 2021.
             Was a Priest of Vehumet.
             Slain by a merfolk
             ... wielding a +0 trident
              (16 damage)
             ... in the Dungeon (Sprint V: "Ziggurat Sprint").
             The game lasted 00:01:33 (375 turns).

mhtbhm the Arsonist (Deep Elf Fire Elementalist)     Turns: 375, Time: 00:01:33

Health: -1/24      AC:  5    Str:  5    XL:     4   Next: 85%
Magic:  14/14      EV:  7    Int: 33    God:    Vehumet [***...]
Gold:   0          SH:  0    Dex: 15    Spells: 4/15 levels left

rFire    + . .     SeeInvis .   C - +8 lance "Wyrmbane" {slay drac, rPois rF+ rC+ AC+3}
rCold    + . .     Faith    .   (no shield)
rNeg     . . .     Spirit   .   a - +0 robe
rPois    +         Reflect  .   (no helmet)
rElec    .         Harm     .   (no cloak)
rCorr    .         Rampage  .   (no gloves)
Will     .....     NoTele   +   (no boots)
Stlth    +++.......             (no amulet)
HPRegen  0.08/turn              u - +6 ring of intelligence
MPRegen  0.14/turn              v - +6 ring of intelligence

@: held
A: no striking features
a: Renounce Religion


You were in the Dungeon.
You worshipped Vehumet.
Vehumet was most pleased with you.
You visited 1 branch

Inventory:

Hand Weapons
 C - the +8 lance "Wyrmbane" (weapon) {slay drac, rPois rF+ rC+ AC+3}
   (You found it in the Dungeon)

   It affects your AC (+3).
   It protects you from fire.
   It protects you from cold.
   It protects you from poison.
Armour
 a - a +0 robe (worn)
Jewellery
 u - a +6 ring of intelligence (left hand)
 v - a +6 ring of intelligence (right hand)
Wands
 y - a wand of mindburst (7)
 z - a wand of iceblast (2)
 A - a wand of acid (7)
Scrolls
 h - 4 scrolls of blinking
 m - 4 scrolls of amnesia
 n - 7 scrolls of fog
 o - a scroll of holy word
 p - 5 scrolls of identify
 q - 2 scrolls of fear
Potions
 b - 2 potions of brilliance
 c - 10 potions of curing
 d - 10 potions of heal wounds
 e - 6 potions of haste
 f - 7 potions of magic
 g - 3 potions of berserk rage
 i - 2 potions of invisibility
 j - 4 potions of resistance
 k - a potion of experience
 l - 6 potions of might
Miscellaneous
 s - a box of beasts
 B - a lightning rod (4/4)


   Skills:
 + Level 4.7 Dodging
 + Level 4.1 Stealth
 + Level 6.1 Spellcasting
 + Level 1.5 Conjurations
 + Level 0.5 Hexes
 + Level 8.6 Fire Magic
 + Level 1.5 Evocations


You had 4 spell levels left.
You knew the following spells:

 Your Spells              Type           Power      Damage    Failure   Level
a - Foxfire               Conj/Fire      100%       2x1d9     1%          1
b - Conjure Flame         Conj/Fire      43%        6-21      1%          3
c - Inner Flame           Hex/Fire       40%        N/A       1%          3
d - Sticky Flame          Conj/Fire      43%        2d6       1%          4

Your spell library contained the following spells:

 Spells                   Type           Power      Damage    Failure   Level
 Sandblast                Erth           20%        2d7       1%          1
 Fireball                 Conj/Fire      21%        3d10      4%          5


Dungeon Overview and Level Annotations

Branches:
Dungeon (1/1)

Altars:
Ashenzari
Cheibriados
Dithmenos
Elyvilon
Fedhas
Gozag
Hepliaklqana
Kikubaaqudgha
Makhleb
Nemelex Xobeh
Okawaru
Qazlal
Ru
Sif Muna
Trog
Uskayaw
Vehumet
Wu Jian
Xom
Yredelemnul
Zin
The Shining One
Beogh
Jiyva
Lugonu

Annotations:
D 1 transporter


Message History

The merfolk is moderately wounded.
The iceblast engulfs the merfolk!!
The merfolk is severely wounded.
The merfolk throws a throwing net.
The throwing net hits you.
You become entangled in the net!
Unknown command.
Unknown command.
Unknown command.
Aiming: Iceblast
Press: ? - help, Shift-Dir - straight line, f/p - merfolk
Aim: a merfolk, wielding a +0 trident (moderately wounded)
The mass of ice explodes!
The iceblast engulfs the merfolk!
The merfolk is heavily wounded.
The iceblast engulfs the merfolk!
The merfolk is severely wounded.
The iceblast engulfs the merfolk!!
The merfolk is heavily wounded.
The merfolk closely misses you.
Unknown command.
Unknown command.
Unknown command.
Unknown command.
Aiming: Iceblast
Press: ? - help, Shift-Dir - straight line, f/p - merfolk
Aim: a merfolk, wielding a +0 trident (heavily wounded)
The mass of ice explodes!
The iceblast engulfs the merfolk!
The merfolk is severely wounded.
The iceblast engulfs the merfolk!
The merfolk is severely wounded.
The iceblast engulfs the merfolk!
The merfolk is almost dead.
The iceblast engulfs the merfolk!!
You kill the merfolk!
Vehumet accepts your kill.
Vehumet is now aiding your destructive spells.
Vehumet offers you knowledge of Sandblast.
The merfolk hits you from afar with a +3 trident!
The merfolk hits you from afar with a +0 trident!
Ouch! That really hurt!
You die...

▓..©..▓..©..▓▓▓▓▓▓▓
▓▓▓▓▓▓▓▓▓▓▓▓▓▓
▓..8©8...▓
▓..[):...▓
▓...|....▓
▓...m)...▓
..mm....▓
▓.▓....▓.▓
▓...@....▓
▓▓▓▓▓▓▓▓▓▓


You could see 3 merfolk.

Vanquished Creatures
  A merfolk (D)
  A crimson imp (D)
  2 orc wizards (D)
  3 mummies (D)
  2 orcs (D)
  A bat zombie (D)
10 creatures vanquished.

Notes
Turn   | Place    | Note
-------+----------+-------------------------------------------
     0 | D        | mhtbhm the Deep Elf Fire Elementalist began the quest for
                  | the Orb.
     0 | D        | Reached XP level 1. HP: 10/10 MP: 6/6
     0 | D        | Found a shimmering blue altar of Sif Muna.
     0 | D        | Found a bloodstained altar of Trog.
     0 | D        | Found a sacrificial altar of Ru.
     0 | D        | Found a stormy altar of Qazlal.
     0 | D        | Found an iron altar of Okawaru.
     1 | D        | Found a sparkling altar of Nemelex Xobeh.
     1 | D        | Found a blossoming altar of Fedhas.
     2 | D        | Found the +6 Majin-Bo {vamp, MP+6 Int+6}
     2 | D        | Found the +9 heavy crossbow "Sniper" {vorpal, Acc+∞ SInv}
     2 | D        | Found the +10 dark maul {vorpal}
     2 | D        | Found the +15 Maxwell's patent armour {-Cast -Tele rElec
                  | Will+ rCorr}
     2 | D        | Found the +18 shield of the Gong {rElec rN+ Will+ EV-5}
     2 | D        | Found the +14 obsidian axe {vorpal, Drain Fly SInv}
     2 | D        | Found the +7 great mace "Firestarter" {inner flame, rF++}
     2 | D        | Found the +6 shillelagh "Devastator" {shatter}
     2 | D        | Found the +11 plutonium sword {Contam Stlth-}
     2 | D        | Found the +8 lance "Wyrmbane" {slay drac, rPois rF+ rC+
                  | AC+3}
     2 | D        | Found the +9 sword of Zonguldrok {reap}
     2 | D        | Found the +13 scythe of Curses {drain, Drain}
     2 | D        | Found the +5 sword of Power {vorpal}
     2 | D        | Found the +7 mace of Variability {chain chaos}
     2 | D        | Found the +7 Singing Sword {vorpal, sonic wave}
     2 | D        | Found the +8 storm bow {elec, penet}
     3 | D        | Found a transporter.
     3 | D        | Found an ancient bone altar of Kikubaaqudgha.
     3 | D        | Found a viscous altar of Jiyva.
     3 | D        | Found a corrupted altar of Lugonu.
     3 | D        | Found a hazy altar of Hepliaklqana.
     3 | D        | Found a burning altar of Makhleb.
     3 | D        | Found an opulent altar of Gozag.
    29 | D        | Became a worshipper of Vehumet
    57 | D        | Entered arena 2.
    57 | D        | Noticed a crimson imp
    57 | D        | Found a transporter.
    59 | D        | Killed a crimson imp
    60 | D        | Reached skill level 6 in Fire Magic
    60 | D        | Reached XP level 2. HP: 15/15 MP: 6/9
    60 | D        | Reached XP level 3. HP: 19/19 MP: 7/11
    98 | D        | Learned a level 3 spell: Conjure Flame
   102 | D        | Learned a level 3 spell: Inner Flame
   104 | D        | Entered arena 3.
   104 | D        | Found a transporter.
   107 | D        | Reached * piety under Vehumet
   107 | D        | Offered knowledge of Shock by Vehumet.
   108 | D        | Reached skill level 5 in Spellcasting
   108 | D        | Reached skill level 7 in Fire Magic
   108 | D        | Reached ** piety under Vehumet
   109 | D        | Reached XP level 4. HP: 24/24 MP: 9/13
   251 | D        | Learned a level 4 spell: Sticky Flame
   255 | D        | Entered arena 4.
   255 | D        | Found a transporter.
   257 | D        | Reached skill level 8 in Fire Magic
   257 | D        | Reached skill level 1 in Evocations
   371 | D        | Entered arena 5.
   371 | D        | Noticed a merfolk
   371 | D        | Noticed a merfolk
   371 | D        | Noticed a merfolk
   371 | D        | Noticed a merfolk
   371 | D        | Found a transporter.
   375 | D        | Killed a merfolk
   375 | D        | Reached *** piety under Vehumet
   375 | D        | Offered knowledge of Sandblast by Vehumet.
   375 | D        | Slain by a merfolk

Illustrated notes

Levels and vault maps discovered:
D:        sprint_v [room_start, room_1, room_2, room_3, room_4, room_5, room_6,
          room_7, room_8, room_9, room_10, room_11, room_12, room_13, room_14,
          room_15, room_16, room_17, room_18, room_19, room_20, room_21,
          room_22, room_23, room_24, room_25, room_26, room_27]

Skill      XL: |  1  2  3  4 |
---------------+-------------+-----
Dodging        | 3 4 |  4.7
Stealth        | 3 4 |  4.1
Spellcasting   | 4 5 6 |  6.1
Fire Magic     | 6 7 8 |  8.6
Evocations     | 1 |  1.5
Conjurations   | |  1.5
Hexes          | |  0.5

Action                   |  1- 3 |  4- 6 || total
-------------------------+-------+-------++-------
 Cast: Inner Flame       |     1 |       ||     1
Evoke: Lightning rod     |     5 |     2 ||     7
       Wand              |       |     5 ||     5
Armor: Robe              |     1 |       ||     1
Dodge: Dodged            |       |     1 ||     1

Table legend: (Time is in decaauts)
 A = Elapsed time spent in this place.
 B = Non-inter-level travel time spent in this place.
 C = Inter-level travel time spent in this place.
 D = Time resting spent in this place.
 E = Time spent auto-exploring this place.
 F = Levels seen in this place.
 G = Mean time per level.
                   A        B        C        D        E       F      G
               +--------+--------+--------+--------+--------+-----+--------+
         Total |    373 |    373 |      0 |    252 |      0 |   1 |  373.0 |
       Dungeon |    373 |    373 |      0 |    252 |      0 |   1 |  373.0 |
               +--------+--------+--------+--------+--------+-----+--------+

Top non-repeatable levels by time:
       D: 373 daAuts
